 Dungeon Crawl Stone Soup version 0.29.1-2-gbd0b4ee654 (webtiles) character file.

Game seed: 7649512629320396600

445 DemonSlayer the Stinger (level 6, 0/43 HPs)
             Began as a Demonspawn Venom Mage on Nov 14, 2022.
             Slain by a centaur zombie (2 damage)
             ... in an ossuary.
             The game lasted 00:14:43 (4914 turns).

DemonSlayer the Stinger (Demonspawn Venom Mage)     Turns: 4914, Time: 00:14:45

Health: 0/43       AC:  3    Str: 15 (16) XL:     6   Next: 72%
Magic:  11/11      EV: 16    Int: 16      God:
Gold:   239        SH:  0    Dex: 14      Spells: 2/11 levels left

rFire   . . .      SeeInvis .   c - +3 dagger (chaos)
rCold   . . .      Faith    .   (no shield)
rNeg    . . .      Spirit   .   a - +0 robe
rPois   .          Reflect  .   (no helmet)
rElec   .          Harm     .   (no cloak)
rCorr   .          Rampage  .   (no gloves)
Will    .....                   (no boots)
Stlth   ++........              (no amulet)
HPRegen 0.14/turn               q - +6 ring of strength
MPRegen 0.12/turn               p - +4 ring of evasion

@: invisible
A: rugged brown scales 1, weakness stinger 1
a: no special abilities


You were in an ossuary.
You visited 1 branch of the dungeon, and saw 4 of its levels.
You also visited: Ossuary.

You collected 239 gold pieces.

Inventory:

Hand Weapons
 c - a +3 dagger of chaos (weapon)
Armour
 a - a +0 robe (worn)
 u - the +3 ring mail "Jeng" {*Slow rF+ rCorr Str+7}
   (You found it on level 3 of the Dungeon)

   Str:       It affects your strength (+7).
   rF:        It protects you from fire.
   rCorr:     It protects you from acid and corrosion.
   *Slow:     It may slow you when you take damage.
Jewellery
 e - a ring of wizardry
 m - a ring of ice
 p - a +4 ring of evasion (right hand)
 q - a +6 ring of strength (left hand)
 t - a ring of poison resistance
Scrolls
 g - 2 scrolls of teleportation
 h - a scroll of fear
 i - a scroll of magic mapping {unknown}
 o - 2 scrolls of amnesia {unknown}
 r - 2 scrolls of blinking {unknown}
Potions
 b - 3 potions of flight
 f - a potion of ambrosia {unknown}
 j - a potion of curing
 k - a potion of heal wounds {unknown}
 l - a potion of mutation {unknown}
 v - a potion of berserk rage {unknown}


   Skills:
 + Level 0.7 Fighting
 + Level 1.1 Short Blades
 + Level 2.5 Dodging
 + Level 3.1 Stealth
 + Level 3.4 Spellcasting
 + Level 3.1 Transmutations
 + Level 4.3 Poison Magic
 + Level 1.2 Evocations


You had 2 spell levels left.
You knew the following spells:

 Your Spells              Type           Power      Damage    Failure   Level
a - Sting                 Tmut/Pois      56%        1d5       4%          1
b - Poisonous Vapours     Pois/Air       18%        N/A       11%         2
c - Mephitic Cloud        Conj/Pois/Air  7%         N/A       30%         3
d - Confusing Touch       Hex            2%         N/A       47%         3

Your spell library contained the following spells:

 Spells                   Type           Power      Damage    Failure   Level
 Olgreb's Toxic Radiance  Pois           16%        N/A       30%         4
 Yara's Violent Unravell  Hex/Tmut       3%         3d4       95%         5
 Conjure Ball Lightning   Conj/Air       1%         3x3d6     100%        6
 Enfeeble                 Hex            1%         N/A       100%        7
 Discord                  Hex            1%         N/A       100%        8
 Disjunction              Tloc           1%         N/A       100%        8


Dungeon Overview and Level Annotations

Branches:
Dungeon (4/15)            Ossuary (1/1)
 Temple: D:4-7

Altars:


Innate Abilities, Weirdness & Mutations

You are partially covered in rugged brown scales. (AC +1, +3% HP)
You have a small tail.


Message History

The centaur zombie closely misses you. The centaur zombie kicks you.
You barely miss the centaur zombie.
The centaur zombie is heavily damaged.
The centaur zombie hits you. The centaur zombie kicks you.
You are too injured to fight recklessly!
You are too injured to fight recklessly!
You are too injured to fight recklessly!
You are too injured to fight recklessly!
You hit the centaur zombie.
The centaur zombie convulses.
You punch the centaur zombie.
The centaur zombie is severely damaged.
The centaur zombie barely misses you.
The centaur zombie completely misses you.
The centaur zombie closely misses you. The centaur zombie misses you.
You barely miss the centaur zombie.
The centaur zombie is severely damaged.
The centaur zombie hits you.
The centaur zombie kicks you but does no damage.
You hit the centaur zombie. You burn the centaur zombie.
You tail-slap the centaur zombie, but do no damage.
The centaur zombie is severely damaged.
The centaur zombie hits you. The centaur zombie kicks you.
You barely miss the centaur zombie.
The centaur zombie is severely damaged.
The centaur zombie completely misses you.
The centaur zombie barely misses you.
You hit the centaur zombie.
The centaur zombie seems to grow stronger.
The centaur zombie is almost destroyed.
The centaur zombie hits you.
* * * LOW HITPOINT WARNING * * *
The centaur zombie closely misses you. The centaur zombie hits you.
* * * LOW HITPOINT WARNING * * *
The centaur zombie kicks you but does no damage.
You feel better. The centaur zombie hits you.
* * * LOW HITPOINT WARNING * * *
The centaur zombie misses you.
You fade into invisibility!
The centaur zombie hits you.
You die...

###
###@###
##..Z..##
#.......#
#.......#
#.......#
##.....##
###.###
#'# #####
###.###
##


You could see a centaur zombie (strong, agile, unable to see you).

Vanquished Creatures
  2 elf zombies (Ossuary)
  A centaur zombie (Ossuary)
  3 human zombies (Ossuary)
  An orc wizard (D:4)
  2 mummies (Ossuary)
  4 adders
  A worm (D:2)
  4 dart slugs
  3 orcs (D:4)
  9 endoplasms
  3 giant cockroaches
  8 hobgoblins
  7 jackals
  4 kobolds
  6 quokkas
  9 ball pythons
  7 bats
  2 frilled lizards
  8 goblins
  8 rats
92 creatures vanquished.

Vanquished Creatures (others)
  A quokka (D:4)
1 creature vanquished.

Grand Total: 93 creatures vanquished

Notes
Turn   | Place    | Note
-------+----------+-------------------------------------------
     0 | D:1      | DemonSlayer the Demonspawn Venom Mage began the quest for
                  | the Orb.
     0 | D:1      | Reached XP level 1. HP: 13/13 MP: 3/3
   166 | D:1      | Gained mutation: You are partially covered in rugged brown
                  | scales. (AC +1, +3% HP) [demonic ancestry]
   166 | D:1      | Reached XP level 2. HP: 11/19 MP: 1/5
   403 | D:1      | Reached skill level 1 in Transmutations
   597 | D:1      | Learned a level 2 spell: Poisonous Vapours
   840 | D:1      | Reached XP level 3. HP: 21/24 MP: 0/6
  1576 | D:1      | Learned a level 3 spell: Mephitic Cloud
  2266 | D:2      | Reached XP level 4. HP: 30/31 MP: 4/7
  3754 | D:3      | Identified the +3 ring mail "Jeng" {*Slow rF+ rCorr Str+7}
  4303 | D:4      | Reached skill level 4 in Poison Magic
  4303 | D:4      | Gained mutation: You have a small tail. [demonic ancestry]
  4303 | D:4      | Reached XP level 5. HP: 29/37 MP: 1/9
  4437 | D:4      | Found a sand-covered staircase.
  4444 | Ossuary  | Entered an ossuary
  4509 | Ossuary  | Learned a level 3 spell: Confusing Touch
  4570 | Ossuary  | Reached XP level 6. HP: 34/43 MP: 10/10
  4581 | Ossuary  | Reached skill level 1 in Evocations
  4741 | Ossuary  | Reached skill level 1 in Short Blades
  4912 | Ossuary  | HP: 1/43 [centaur zombie (6)]
  4914 | Ossuary  | Slain by a centaur zombie

Illustrated notes

Levels and vault maps discovered:
D:1:      minmay_arrival_open_corners, layout_basic
D:2:      layout_basic
D:3:      layout_loops_corners
D:4:      layout_basic, lemuel_round_altar, enter_ossuary_4
Ossuary:  ossuary_minmay_four_chambers

Skill      XL: |  1  2  3  4  5  6 |
---------------+-------------------+-----
Stealth        | 2 3 |  3.1
Transmutations | 1 2 3 |  3.1
Dodging        | 2 |  2.5
Spellcasting   | 3 |  3.4
Poison Magic   | 4 |  4.3
Evocations     | 1 |  1.2
Short Blades   | 1 |  1.1
Fighting       | |  0.7

Action                   |  1- 3 |  4- 6 || total
-------------------------+-------+-------++-------
Melee: Dagger            |    40 |   105 ||   145
       Tailslap          |       |     6 ||     6
       Punch             |       |     1 ||     1
 Cast: Sting             |    91 |    63 ||   154
Evoke: Wand              |       |    10 ||    10
  Use: Potion            |     1 |     6 ||     7
       Scroll            |       |     7 ||     7
 Stab: Sleeping          |     1 |     5 ||     6
Armor: Robe              |    13 |    23 ||    36
Dodge: Dodged            |    56 |   122 ||   178
